Map: Overgrowth LE (Void)

Players

ShoWTimE - Winner!

  • Race: Protoss Protoss
  • League: Master
  • Spawn Location: 1:00

sOs

  • Race: Protoss Protoss
  • League: Master
  • Spawn Location: 7:00

Event: NationWars IV

VOD

https://www.youtube.com/watch?v=xwueIzcVTTY&t=394s

Description

Time

  • Played on: Jan. 21, 2017, 1:04 p.m.
  • Length: 14:14
Show
View Real Time Build Order
Export as new Build Order

ShoWTimE Protoss - Winner!

Build Orders:  

Get SALT Encoding   

  12  0:00  Probe (Chrono Boost)  
  13  0:11  Probe (Chrono Boost)  
  14  0:17  Pylon  
  14  0:22  Probe (Chrono Boost)  
  16  0:35  Probe (Chrono Boost)  
  16  0:36  Gateway  
  16  0:43  Assimilator  
  16  0:46  Probe (Chrono Boost)  
  17  0:52  Assimilator  
  17  0:56  Probe (Chrono Boost)  
  18  1:04  Gateway  
  18  1:07  Probe (Chrono Boost)  
  19  1:17  Probe (Chrono Boost)  
  20  1:24  Cybernetics Core  
  20  1:28  Probe (Chrono Boost)  
  20  1:30  Pylon  
  21  1:38  Probe (Chrono Boost)  
  22  1:46  Warp Gate  
  22  1:49  Probe (Chrono Boost)  
  23  2:01  Probe (Chrono Boost), Stalker  
  24  2:02  Stalker  
  28  2:10  Pylon  
  30  2:19  Mothership Core (Chrono Boost)  
  30  2:31  Stalker  
  30  2:32  Stalker  
  35  2:38  Probe (Chrono Boost)  
  35  3:02  Stalker x2  
  38  3:21  Pylon  
  38  3:31  Nexus  
  38  3:36  Robotics Facility  
  38  3:45  Probe (Chrono Boost)  
  39  3:49  Adept  
  39  3:50  Adept  
  43  3:58  Probe (Chrono Boost)  
  44  4:08  Pylon  
  44  4:10  Probe (Chrono Boost)  
  44  4:22  Probe (Chrono Boost)  
  43  4:26  Observer  
  42  4:33  Robotics Bay, Sentry  
  42  4:34  Adept, Probe (Chrono Boost)  
  47  4:44  Probe (Chrono Boost)  
  49  4:46  Warp Prism, Probe (Chrono Boost)  
  51  4:58  Probe x2 (Chrono Boost)  
  53  5:09  Probe (Chrono Boost)  
  53  5:10  Probe (Chrono Boost)  
  55  5:17  Disruptor  
  55  5:18  Pylon  
  55  5:24  Sentry  
  55  5:27  Pylon  
  60  5:30  Gateway  
  60  5:34  Probe (Chrono Boost)  
  60  5:35  Probe (Chrono Boost)  
  60  5:42  Gravitic Drive  
  58  5:46  Probe (Chrono Boost)  
  58  5:48  Probe (Chrono Boost)  
  56  5:53  Twilight Council  
  57  5:58  Probe (Chrono Boost)  
  57  6:00  Pylon  
  57  6:01  Probe (Chrono Boost)  
  58  6:08  Pylon  
  58  6:10  Probe (Chrono Boost)  
  60  6:13  Probe (Chrono Boost)  
  60  6:15  Blink  
  58  6:20  Assimilator  
  58  6:22  Probe (Chrono Boost)  
  58  6:24  Assimilator  
  58  6:25  Probe (Chrono Boost)  
  61  6:33  Pylon  
  61  6:34  Immortal, Probe (Chrono Boost)  
  61  6:37  Probe (Chrono Boost)  
  66  6:46  Probe (Chrono Boost)  
  67  6:55  Stalker  
  67  6:56  Gateway  
  67  6:57  Gateway  
  69  7:01  Stalker  
  71  7:12  Probe x2 (Chrono Boost)  
  67  7:20  Immortal  
  67  7:24  Probe (Chrono Boost)  
  67  7:25  Probe (Chrono Boost)  
  71  7:30  Stalker  
  73  7:41  Probe (Chrono Boost)  
  71  7:53  Stalker x4  
  79  8:01  Probe (Chrono Boost)  
  79  8:02  Probe (Chrono Boost)  
  81  8:09  Pylon  
  81  8:22  Nexus  
  81  8:23  Observer  
  82  8:36  Stalker x2  
  82  8:37  Stalker  
  82  8:39  Sentry x2  
  92  8:44  Probe x2 (Chrono Boost)  
  92  8:45  Disruptor  
  99  8:56  Probe x2 (Chrono Boost)  
  99  9:00  Pylon  
  99  9:03  Forge  
  99  9:08  Probe (Chrono Boost)  
  100  9:19  Disruptor, Stalker x3  
  109  9:28  Probe (Chrono Boost)  
  109  9:30  Probe (Chrono Boost)  
  111  9:35  Probe (Chrono Boost)  
  112  9:40  Probe (Chrono Boost)  
  113  9:48  Adept x3  
  113  9:51  Disruptor  
  119  9:59  Protoss Ground Weapons Level 1  
  122  10:01  Probe (Chrono Boost)  
  122  10:03  Photon Cannon, Probe x2 (Chrono Boost)  
  125  10:12  Probe (Chrono Boost)  
  123  10:15  Probe (Chrono Boost)  
  123  10:16  Assimilator  
  123  10:21  Stalker x2  
  128  10:22  Probe (Chrono Boost), Assimilator  
  128  10:23  Photon Cannon  
  128  10:26  Disruptor  
  122  10:29  Photon Cannon  
  125  10:37  Probe (Chrono Boost)  
  125  10:40  Probe (Chrono Boost)  
  125  10:41  Stalker x2  
  131  11:02  Stalker x3  
  133  11:04  Pylon  
  133  11:06  Pylon  
  133  11:08  Pylon  
  133  11:11  Stalker  
  133  11:13  Pylon  
  133  11:17  Disruptor  
  134  11:28  Stalker x3  
  134  11:29  Stalker  
  137  11:36  Pylon  
  137  11:45  Stalker  
  139  11:47  Pylon  
  139  11:48  Disruptor  
  142  11:56  Stalker x2  
  142  11:59  Stalker x2  
  146  12:11  Probe (Chrono Boost)  
  146  12:13  Probe (Chrono Boost)  
  148  12:19  Disruptor, Stalker x2  
  148  12:22  Pylon  
  151  12:45  Adept x5  
  151  12:50  Disruptor  
  161  12:52  Gateway  
  161  12:57  Gateway  
  164  12:59  Nexus  
  164  13:02  Pylon  
  147  13:21  Disruptor  
  147  13:23  Stalker x3  
  147  13:24  Stalker x2  
  147  13:33  Robotics Facility  
  143  13:38  Nexus  
  143  13:40  Pylon  
  143  13:52  Stalker x3  
  124  14:08  Stalker x3  
Show
View Real Time Build Order
Export as new Build Order

sOs Protoss 

Build Orders:  

Get SALT Encoding   

  12  0:00  Probe (Chrono Boost)  
  13  0:11  Probe (Chrono Boost)  
  14  0:17  Pylon  
  14  0:22  Probe (Chrono Boost)  
  16  0:35  Probe (Chrono Boost)  
  16  0:36  Gateway  
  16  0:42  Assimilator  
  16  0:46  Probe (Chrono Boost)  
  17  0:51  Assimilator  
  17  0:56  Probe (Chrono Boost)  
  18  1:07  Probe (Chrono Boost)  
  18  1:10  Gateway  
  19  1:18  Probe (Chrono Boost)  
  20  1:23  Cybernetics Core  
  20  1:28  Probe (Chrono Boost)  
  20  1:31  Pylon  
  21  1:39  Probe (Chrono Boost)  
  22  1:49  Probe (Chrono Boost)  
  22  1:50  Warp Gate  
  23  2:00  Adept x2, Mothership Core (Chrono Boost)  
  29  2:12  Pylon  
  29  2:20  Probe (Chrono Boost)  
  30  2:30  Stalker x2  
  34  2:41  Robotics Facility  
  35  2:45  Probe (Chrono Boost)  
  35  3:26  Nexus  
  35  3:31  Observer  
  35  3:32  Robotics Bay  
  35  3:34  Probe (Chrono Boost)  
  36  3:47  Pylon  
  36  3:52  Warp Prism  
  38  4:06  Stalker  
  38  4:07  Stalker  
  38  4:08  Pylon  
  42  4:20  Pylon  
  42  4:23  Disruptor  
  39  4:37  Pylon  
  39  4:44  Pylon  
  39  4:47  Gravitic Drive  
  39  4:54  Nexus  
  39  4:56  Pylon  
  39  5:04  Probe (Chrono Boost), Observer  
  41  5:18  Probe (Chrono Boost)  
  42  5:26  Adept x2  
  46  5:30  Probe (Chrono Boost)  
  46  5:34  Pylon  
  47  5:42  Probe (Chrono Boost)  
  48  5:46  Immortal  
  52  5:52  Twilight Council  
  52  5:53  Gateway  
  52  5:54  Probe (Chrono Boost)  
  52  5:56  Gateway  
  53  5:59  Pylon  
  53  6:06  Probe (Chrono Boost)  
  53  6:07  Probe (Chrono Boost)  
  53  6:08  Sentry  
  57  6:19  Adept  
  57  6:24  Probe (Chrono Boost)  
  57  6:25  Probe (Chrono Boost)  
  61  6:38  Gateway x2  
  61  6:39  Blink  
  61  6:41  Probe x2 (Chrono Boost)  
  59  6:51  Assimilator  
  59  6:52  Probe (Chrono Boost), Assimilator  
  60  6:55  Stalker  
  60  6:58  Stalker  
  64  7:03  Pylon  
  64  7:13  Stalker x2  
  68  7:17  Probe (Chrono Boost)  
  68  7:18  Probe (Chrono Boost)  
  68  7:26  Stalker  
  68  7:30  Probe (Chrono Boost)  
  68  7:31  Probe (Chrono Boost)  
  68  7:39  Immortal  
  68  7:40  Probe (Chrono Boost)  
  68  7:43  Probe (Chrono Boost)  
  74  8:00  Stalker x3  
  74  8:03  Pylon  
  80  8:16  Stalker x3  
  86  8:23  Sentry  
  88  8:28  Stalker, Sentry  
  92  8:39  Pylon  
  92  8:44  Immortal  
  94  8:59  Stalker x4  
  101  9:08  Pylon  
  88  9:19  Disruptor  
  88  9:21  Stalker x2  
  88  9:22  Stalker  
  92  9:32  Stalker  
  94  9:50  Disruptor  
  94  9:59  Stalker x4  
  98  10:23  Stalker x3  
  104  10:29  Nexus, Observer  
  104  10:35  Stalker  
  107  10:40  Pylon  
  107  10:51  Stalker  
  109  11:03  Stalker x4  
  113  11:04  Disruptor  
  116  11:32  Stalker  
  118  11:36  Disruptor, Pylon  
  118  11:37  Pylon  
  118  11:38  Pylon  
  121  11:50  Probe x2 (Chrono Boost)  
  123  11:55  Stalker x3  
  127  12:16  Disruptor  
  127  12:18  Stalker x3  
  127  12:19  Stalker  
  135  12:39  Probe (Chrono Boost)  
  135  12:40  Probe (Chrono Boost)  
  137  12:44  Robotics Facility  
  137  12:48  Disruptor  
  139  12:52  Probe x2 (Chrono Boost), Assimilator  
  131  13:07  Adept x3  
  131  13:08  Adept x2  
  118  13:16  Probe (Chrono Boost)  
  118  13:18  Adept  
  117  13:20  Disruptor  
  116  13:28  Probe (Chrono Boost), Pylon  
  117  13:36  Observer  
  118  13:43  Stalker x2  
  118  13:44  Stalker  
Tags
 
Add a new tag
Caveats
  • Supply blocks, unpowered buildings, or Contaminate may cause inaccurate times.
  • Supply counts are checked every 10 seconds.